 Dungeon Crawl Stone Soup version 0.30-a0-219-gf2db51d15e (webtiles) character file.

Game seed: 6796472496314056169

532294 Monkooky the Impregnable (level 24, 0/196 HPs)
             Began as an Armataur Reaver on Oct 4, 2022.
             Was the Champion of Hepliaklqana.
             Slain by a golden dragon (14 damage)
             ... on level 1 of the Realm of Zot on Oct 8, 2022.
             The game lasted 05:00:27 (75309 turns).

Monkooky the Impregnable (Armataur Reaver)         Turns: 75309, Time: 05:00:27

Health: 0/196      AC: 47    Str: 34    XL:     24   Next: 46%
Magic:  7/40       EV:  9    Int: 31    God:    Hepliaklqana [******]
Gold:   3704       SH: 19    Dex: 14    Spells: 0/50 levels left

rFire   + + .      SeeInvis +    e - staff of fire
rCold   + + .      Faith    .    T - +5 kite shield {AC+3}
rNeg    + . .      Spirit   .    Q - +6 ice dragon scales of Teihe Hizo {+Inv rF- rC++ Str+6 Int+2 Dex+3}
rPois   .          Reflect  .    h - +2 helmet {Int+3}
rElec   +          Harm     .    P - scarf {rC+ rF+}
rCorr   +          Roll     +    w - +2 pair of gloves {Dex+3}
Will    ++++.      Clarity  +    Z - +6 lightning scales {swift, rElec}
Stlth   ..........               R - amulet of the Four Winds {rN+ Will+++ Clar}
HPRegen 0.52/turn                M - ring "Neche" {*Slow Str+6 Int+6 SInv}
MPRegen 0.27/turn                Y - ring "Izyafidgh" {Fire rCorr}

@: studying Hexes, quick
A: reduced essence, large, rugged brown scales 3, deformed body, armoured tail,
roll, long tongue, awkward tongue, berserk 1, dopey 1
}: 3/15 runes: decaying, serpentine, silver
a: Renounce Religion, Evoke Invisibility, Recall Ancestor, Ancestor Identity,
Transference, Idealise


You were on level 1 of the Realm of Zot.
You worshipped Hepliaklqana.
Hepliaklqana was exalted by your worship.
You visited 10 branches of the dungeon, and saw 45 of its levels.
You visited the Abyss 1 time.
You visited 1 bazaar.
You also visited: Ice Cave.

You collected 9680 gold pieces.
You spent 5976 gold pieces at shops.

Inventory:

Hand Weapons
 g - a +9 demon whip of freezing
Missiles
 i - 12 curare-tipped darts
 S - a throwing net
Armour
 h - a +2 helmet of intelligence (worn)
 w - a +2 pair of gloves of dexterity (worn)
 P - a scarf of resistance (worn)
 Q - the +6 ice dragon scales of Teihe Hizo (worn) {+Inv rF- rC++ Str+6 Int+2 Dex+3}
   (You found it in an ice cave)

   Str:       It affects your strength (+6).
   Int:       It affects your intelligence (+2).
   Dex:       It affects your dexterity (+3).
   rF:        It makes you vulnerable to fire.
   rC:        It greatly protects you from cold.
   +Inv:      It lets you turn invisible.
 T - a +5 kite shield of protection (worn)
 Z - the +6 lightning scales (worn) {swift, rElec}
   (You acquired it on level 3 of the Lair of Beasts)

   It allows the wearer to cover ground more swiftly.
   rElec:     It insulates you from electricity.
Magical Staves
 e - a staff of fire (weapon)
Jewellery
 a - the ring "Xizux" {Fire Will+}
   (You found it on level 3 of the Depths)

   [ring of fire]

   It enhances your fire magic.
   rF:        It protects you from fire.
   rC:        It makes you vulnerable to cold.
   Will:      It increases your willpower.
 M - the ring "Neche" (left hand) {*Slow Str+6 Int+6 SInv}
   (You acquired it on level 9 of the Dungeon)

   [ring of strength]

   Str:       It affects your strength (+6).
   Int:       It affects your intelligence (+6).
   SInv:      It lets you see invisible.
   *Slow:     It may slow you when you take damage.
 R - the amulet of the Four Winds (around neck) {rN+ Will+++ Clar}
   (You bought it in a shop on level 1 of the Vaults)

   [amulet of nothing]

   rN:        It protects you from negative energy.
   Clar:      It protects you against confusion.
   Will:      It greatly increases your willpower.
 U - a ring of wizardry
 V - the ring "Enarreepp" {rC+ Will- rCorr Int+8 Slay-5}
   (You found it on level 3 of the Depths)

   [ring of resist corrosion]

   Int:       It affects your intelligence (+8).
   Slay:      It affects your accuracy & damage with ranged weapons and melee
   (-5).
   rC:        It protects you from cold.
   rCorr:     It protects you from acid and corrosion.
   Will:      It decreases your willpower.
 Y - the ring "Izyafidgh" (right hand) {Fire rCorr}
   (You found it on level 7 of the Dungeon)

   [ring of fire]

   It enhances your fire magic.
   rF:        It protects you from fire.
   rC:        It makes you vulnerable to cold.
   rCorr:     It protects you from acid and corrosion.
Wands
 b - a wand of mindburst (35)
 C - a wand of flame (129)
 I - a wand of charming (55)
 J - a wand of digging (7)
 L - a wand of quicksilver (3)
 O - a wand of roots (2)
Scrolls
 c - 14 scrolls of teleportation
 d - 5 scrolls of summoning
 f - 7 scrolls of poison
 k - 11 scrolls of blinking
 l - 12 scrolls of fear
 p - 7 scrolls of amnesia
 q - 5 scrolls of magic mapping
 r - 3 scrolls of butterflies
 y - 3 scrolls of silence
 D - 11 scrolls of vulnerability
 H - 18 scrolls of immolation
Potions
 n - 20 potions of curing
 o - 5 potions of resistance
 s - 13 potions of attraction
 t - 2 potions of cancellation
 u - 7 potions of haste
 v - 5 potions of lignification
 x - 4 potions of berserk rage
 z - 3 potions of magic
 A - 9 potions of might
 B - 2 potions of ambrosia
 E - 8 potions of flight
 F - 5 potions of brilliance
 K - 3 potions of invisibility
 N - 13 potions of mutation
 W - 8 potions of heal wounds
Miscellaneous
 j - a phantom mirror (inert)
 m - a condenser vane
 G - a phial of floods
 X - a box of beasts


   Skills:
 - Level 14.0 Fighting
 - Level 13.4 Maces & Flails
 - Level 22.2 Armour
 - Level 8.0 Dodging
 + Level 17.5 Shields
 - Level 13.5 Spellcasting
 - Level 14.4 Conjurations
 - Level 8.0 Translocations
 + Level 16.7 Fire Magic
 - Level 4.1 Ice Magic
 - Level 2.8 Air Magic
 - Level 12.0 Earth Magic
 - Level 9.5 Invocations
 - Level 10.0 Evocations


You couldn't memorise any spells.
You knew the following spells:

 Your Spells              Type           Power      Damage    Failure   Level
a - Kiss of Death         Conj/Necr      100%       2d13      1%          1
b - Momentum Strike       Conj/Tloc      100%       3d10      1%          2
c - Hailstorm             Conj/Ice       68%        3d14      1%          3
d - Fireball              Conj/Fire      66%        3d25      1%          5
e - Starburst             Conj/Fire      66%        6d17      1%          6
f - Sticky Flame          Conj/Fire      100%       2d11      1%          4
g - Ignite Poison         Fire/Tmut/Pois 90%        N/A       1%          3
h - Blink                 Tloc           100%       N/A       1%          2
i - Passage of Golubria   Tloc           63%        N/A       1%          4
j - Manifold Assault      Tloc           63%        N/A       1%          4
k - Iron Shot             Conj/Erth      40%        9d8       3%          6
l - Passwall              Tmut/Erth      45%        N/A       1%          2
m - Ignition              Fire           68%        3d18      32%         8

Your spell library contained the following spells:

 Spells                   Type           Power      Damage    Failure   Level
 Foxfire                  Conj/Fire      100%       2x1d9     0%          1
 Magic Dart               Conj           100%       1d8       0%          1
 Apportation              Tloc           100%       N/A       1%          1
 Sandblast                Erth           100%       2d20      1%          1
 Shock                    Conj/Air       100%       1d9       1%          1
 Searing Ray              Conj           100%       2d8       1%          2
 Dazzling Flash           Conj/Hex       100%       N/A       1%          3
 Stone Arrow              Conj/Erth      100%       3d13      1%          3
 Frozen Ramparts          Ice            92%        1d14      2%          3
 Portal Projectile        Hex/Tloc       92%        N/A       2%          3
 Fulminant Prism          Conj/Hex       30%        3d16      2%          4
 Beastly Appendage        Tmut           40%        N/A       4%          1
 Sting                    Tmut/Pois      80%        1d7       4%          1
 Cigotuvi's Dreadful Rot  Necr/Pois/Air  52%        N/A       4%          2
 Swiftness                Air            38%        N/A       4%          3
 Animate Armour           Summ/Erth      100%       N/A       4%          4
 Leda's Liquefaction      Hex/Erth       27%        N/A       4%          4
 Lightning Bolt           Conj/Air       32%        1d50      4%          5
 Sublimation of Blood     Necr           20%        N/A       8%          2
 Wereblood                Tmut           20%        N/A       8%          2
 Freezing Cloud           Conj/Ice/Air   30%        6-21      8%          5
 Borgnjor's Vile Clutch   Necr/Erth      27%        N/A       12%         5
 Call Canine Familiar     Summ           20%        N/A       14%         3
 Confusing Touch          Hex            20%        N/A       14%         3
 Spider Form              Tmut/Pois      20%        N/A       14%         3
 Summon Guardian Golem    Hex/Summ       20%        N/A       14%         3
 Tukima's Dance           Hex            20%        N/A       14%         3
 Airstrike                Air            19%        2d(3-19)  16%         4
 Ice Form                 Ice/Tmut       33%        N/A       21%         4
 Summon Ice Beast         Ice/Summ       33%        N/A       21%         4
 Conjure Ball Lightning   Conj/Air       32%        3x3d10    22%         6
 Summon Lightning Spire   Summ/Air       29%        N/A       26%         4
 Animate Dead             Necr           20%        N/A       43%         4
 Dispel Undead            Necr           20%        3d11      43%         4
 Silence                  Hex/Air        14%        N/A       58%         5
 Agony                    Necr           20%        N/A       80%         5
 Alistair's Intoxication  Tmut/Pois      13%        N/A       80%         5
 Blade Hands              Tmut           10%        N/A       80%         5
 Yara's Violent Unravell  Hex/Tmut       10%        3d6       80%         5
 Lehudib's Crystal Spear  Conj/Erth      40%        10d10     80%         8
 Simulacrum               Ice/Necr       16%        N/A       97%         6
 Death Channel            Necr           10%        N/A       100%        6
 Storm Form               Tmut/Air       14%        N/A       100%        7
 Summon Hydra             Summ           10%        N/A       100%        7
 Discord                  Hex            10%        N/A       100%        8
 Disjunction              Tloc           31%        N/A       100%        8
 Infestation              Necr           10%        N/A       100%        8
 Death's Door             Necr           10%        N/A       100%        9


Dungeon Overview and Level Annotations

Branches:
Dungeon (15/15)            Temple (0/1) D:6            Lair (5/5) D:8
  Swamp (4/4) Lair:3        Snake (4/4) Lair:2        Slime (1/5) Lair:5
    Orc (2/2) D:12            Elf (3/3) Orc:2        Vaults (5/5) D:13
  Crypt (0/3) Vaults:3     Depths (4/4) D:15            Zot (2/5) Depths:4
  IceCv (visited)

Altars:
Ashenzari
Elyvilon
Fedhas
Hepliaklqana
Kikubaaqudgha
Makhleb
Nemelex Xobeh
Okawaru
Qazlal
Ru
Sif Muna
Trog
Vehumet
Xom
Yredelemnul
Zin
The Shining One
Jiyva

Shops:
D:9 [   D:10 (   Orc:2 *[!!   Elf:1 *   Elf:3 ![:*   Snake:1 (   Snake:2 :=:
Vaults:1 *==*   Vaults:2 !   Depths:4 :

Portals:
Hell: Depths:1 Depths:2 Depths:3 Depths:4
Abyss: D:3 Depths:1 Depths:3
Pandemonium: Depths:1 Depths:2
Ziggurat: Depths:1

Annotations:
D:2 exclusion: downstairs
D:3 2 exclusions, Grinder
Lair:2 exclusion: 2 oklob plants
Swamp:2 exclusion: downstairs
Snake:3 2 transporters, Cifurakhle's ghost, adept MiBe
Elf:2 3 runed translucent doors
Depths:3 exclusion: 2 obsidian statues


Innate Abilities, Weirdness & Mutations

Your life essence is reduced to manifest your ancestor. (-10% HP)
You are completely covered in rugged brown scales. (AC +3, +7% HP)
Armour fits poorly on your strangely shaped body.
You have a long armoured tail.
You roll when moving toward enemies. (Rampage)
Your long tongue fully drains potion bottles. (2x potion effects)
Your tongue gives you trouble enunciating. (1.5x scroll delay)
You sometimes lose your temper in combat.
You are dopey. (Int -2)


Message History

Nebetia hits the tentacled monstrosity with a +0 lajatang of freezing!
Nebetia freezes the tentacled monstrosity.
The tentacled monstrosity tentacle-slaps Nebetia but does no damage.
The tentacled monstrosity barely misses Nebetia.
The tentacled monstrosity closely misses Nebetia.
Casting: Iron Shot (mildly dangerous; 3% risk of failure)
Confirm with . or Enter, or press ? or * to list all spells.
Aiming: Iron Shot (mildly dangerous; 3% risk of failure)
Press: ? - help, Shift-Dir - straight line, f/p - golden dragon
Aim: a golden dragon (almost dead, berserk, 85% to hit)
Okay, then.
Unknown command.
The golden dragon attacks as you move away!
The golden dragon bites you.
* * * LOW HITPOINT WARNING * * *
The golden dragon claws you but does no damage.
The golden dragon tramples you!
* * * LOW HITPOINT WARNING * * *
Nebetia hits the tentacled monstrosity with a +0 lajatang of freezing!!
Nebetia freezes the tentacled monstrosity.
The tentacled monstrosity tentacle-slaps Nebetia.
The tentacled monstrosity tentacle-slaps Nebetia!
The tentacled monstrosity tentacle-slaps Nebetia but does no damage.
You block the golden dragon's attack. The golden dragon claws you.
* * * LOW HITPOINT WARNING * * *
You block the golden dragon's attack.
Nebetia gestures at the tentacled monstrosity while chanting.
The bolt of magma hits the tentacled monstrosity!
The tentacled monstrosity partially resists.
Your magical contamination has completely faded away.
Unknown command.
Aiming: Quicksilver Bolt
Press: ? - help, Shift-Dir - straight line, f/p - golden dragon
Aim: a golden dragon (almost dead, berserk, 85% to hit)
The bolt of dispelling energy hits the golden dragon!!
The golden dragon is almost dead.
The golden dragon bites you!!
* * * LOW HITPOINT WARNING * * *
You block the golden dragon's attack. The golden dragon tramples you!
You die...

#######** #..# *,,**,,**,,,,,,,
#.....## #..# *,,**,,,**,,,,,*
...#...# #[.# *,,***,,,**,,,**
∩.###..### #..# *,,,**,,,,*****,
..##).#..###..# **,,,**,,,,,,,,,
###)[####.##).## **,,,**,,,,,,,,
#..[..#*##.))..## **,,,***,,,,,*
...#...#*###..[.## **,,.********
.[###....#*##...@##**,...,,,,,,,,
.## *#.....*###.DR##...#,,,,,,,,,
..#**,...#.# ##[>X...#**********
...#,,.###,#* ##....## #.....##
*,,** ##...#*
*#..###***,,,****,....#**********
*,.##,,,***,,,**,,.#....,,,,,,,,,
,,##*,⌠,* **,,,,,,###....,,,,,,,,
,,,*,,,,* **,,,,** *####********


You could see the friendly Nebetia the battlemage (fast), a tentacled
monstrosity (distracted, ally target) and a golden dragon (berserk).

Vanquished Creatures
  3 dread liches (Vaults:5)
  2 ancient liches (Vaults:5)
  Vv (Depths:2)
  Boris (Vaults:4)
  Margery (Depths:3)
  Saint Roka (Elf:3)
  2 caustic shrikes (Depths:4)
  A golden dragon (Vaults:5)
  5 tentacled monstrosities
  Asterion (Elf:1)
  A lich (Depths:2)
  Mlioglotl (Swamp:3)
  3 deep elf blademasters (Elf:1)
  4 titans (Vaults:5)
  An acid blob (Slime:1)
  2 deep elf master archers (Elf:3)
  An acid blob (shapeshifter) (Depths:3)
  2 sphinxes
  5 shadow dragons
  3 storm dragons (Depths:4)
  4 tengu reavers
  10 nagarajas (Snake:4)
  A draconian monk (Zot:2)
  3 fire giants
  2 azure jellies (IceCv)
  A rockslime (IceCv)
  9 frost giants
  5 deep elf sorcerers
  12 vault wardens
  4 deep elf elementalists (Elf:3)
  A draconian shifter (Zot:1)
  Aizul (Snake:2)
  An angel (Abyss:1)
  13 ironbound preservers
  14 stone giants
  4 quicksilver oozes (IceCv)
  7 war gargoyles
  11 ironbound thunderhulks
  A draconian stormcaller (Zot:2)
  2 vampire knights (Depths:1)
  10 very ugly things
  2 black draconians
  3 spriggan defenders
  2 eleionomae
  12 dire elephants
  3 purple draconians
  7 deep elf annihilators
  2 green draconians
  The ghost of rageheart7 the Skirmisher, a journeyman GnHu of Okawaru (Lair:2)
  7 deep elf demonologists
  7 white draconians
  2 yellow draconians
  A spark wasp (Depths:2)
  3 deep elf death magi (Elf:3)
  2 blizzard demons (Depths:3)
  Josephine (D:10)
  2 green deaths (Swamp:4)
  8 great orbs of eyes
  An entropy weaver (Vaults:5)
  5 fire dragons
  8 ettins
  A shambling mangrove (Swamp:3)
  A great orb of eyes (shapeshifter) (Depths:3)
  2 salamander tyrants
  30 vault guards
  Erolcha (Orc:2)
  An ice dragon (shapeshifter) (Vaults:5)
  17 hydras
  9 yaktaur captains
  3 deep elf high priests
  3 rakshasas
  4 ice dragons
  4 catoblepae (Lair:5)
  9 ironbound frosthearts
  A death knight (D:13)
  2 boulder beetles
  11 anacondas
  4 spriggan air magi
  3 two-headed ogres
  10 centaur warriors
  11 dancing weapons
  6 death yaks (Lair:5)
  2 ogre magi
  7 tengu warriors
  2 deep troll earth magi
  6 alligators
  2 deep troll shamans
  20 naga warriors
  5 orc high priests
  3 spriggan berserkers
  5 shock serpents
  A thrashing horror (Swamp:4)
  7 naga sharpshooters
  13 deep elf knights
  Sonja (D:10)
  3 hell knights
  9 spriggans
  5 goliath frogs
  2 sixfirhies (Depths:1)
  5 glowing orange brains
  7 skeletal warriors
  2 iron trolls (Depths:4)
  The ghost of valliere the Insei, a novice OpTm of Gozag (D:7)
  4 swamp dragons (Swamp:4)
  5 bog bodies
  A starcursed mass (Abyss:1)
  2 obsidian statues (Depths:3)
  An orange crystal statue (IceCv)
  3 flayed ghosts
  5 naga ritualists
  17 deep trolls
  2 phantasmal warriors
  7 lindwurms
  9 wizards
  13 deep elf archers
  9 orc knights
  7 mana vipers
  20 deep elf pyromancers
  12 deep elf zephyrmancers
  19 ironbound convokers
  4 necromancers
  A stone giant zombie (Vaults:4)
  8 salamanders
  A wolf spider (shapeshifter) (Depths:3)
  A faun (shapeshifter) (Vaults:2)
  An orc sorcerer (Orc:2)
  A shadow dragon skeleton (Vaults:3)
  2 shining eyes (Slime:1)
  A worldbinder (Abyss:1)
  A tengu skeleton (Vaults:3)
  7 cyclopes
  2 oklob plants
  6 manticores
  32 ugly things
  2 will-o-the-wisps
  10 elephants
  6 moths of wrath
  5 stone giant skeletons
  A cyclops (shapeshifter) (Depths:3)
  Joseph (D:8)
  Maurice (D:8)
  An apocalypse crab (Abyss:1)
  A guardian serpent (shapeshifter) (Depths:1)
  A water nymph (shapeshifter) (D:14)
  An ice statue (Elf:2)
  An eye of devastation (shapeshifter) (Vaults:5)
  18 naga magi
  A torpor snail (shapeshifter) (Depths:3)
  8 vault sentinels
  3 orange demons
  31 black mambas
  A hellion (Depths:2)
  9 guardian serpents
  5 cane toads
  A gargoyle (D:12)
  2 elf skeletons (Vaults:3)
  A yaktaur (shapeshifter) (Vaults:5)
  2 tengu conjurers
  2 rime drakes
  14 yaktaurs
  A hellwing (Depths:2)
  2 freezing wraiths
  5 komodo dragons
  An ancient zyme (Abyss:1)
  2 human skeletons (Vaults:3)
  A troll (D:12)
  6 polar bears
  9 hornets
  3 tyrant leeches
  4 raiju (Abyss:1)
  7 blink frogs
  32 slime creatures
  6 dream sheep (Lair:5)
  A dream sheep (shapeshifter) (Vaults:5)
  A yak (shapeshifter) (Vaults:5)
  An ettin skeleton (Vaults:3)
  6 air elementals
  7 wraiths
  A ynoxinul (Depths:2)
  20 water elementals
  Sigmund (D:4)
  2 shadows (Swamp:4)
  4 fire elementals
  2 wyverns
  2 basilisks
  5 large abominations
  14 yaks
  4 chaos spawn
  2 redbacks (Vaults:3)
  8 vampire mosquitoes
  5 spatial vortices
  An acid dragon (D:12)
  15 nagas
  4 wargs
  15 swamp worms
  An acid dragon (shapeshifter) (Depths:3)
  11 water moccasins
  An ogre skeleton (Vaults:3)
  3 small abominations
  37 orc warriors
  5 ice beasts
  4 black bears
  2 glowing shapeshifter skeletons (Vaults:3)
  2 great orb of eyes simulacra (IceCv)
  A human zombie (Vaults:4)
  8 ogres
  5 centaurs
  2 boggarts
  5 wolves (Lair:5)
  5 slime creature simulacra (IceCv)
  4 kobold brigands
  The ghost of KennySheep the Conjurer, an amateur DECj (D:3)
  A scorpion (D:4)
  11 bullfrogs
  2 glowing shapeshifter simulacra (IceCv)
  7 earth elementals
  A wight (D:10)
  2 electric eels (Lair:3)
  4 howler monkeys
  2 gnoll boudas
  29 orc priests
  3 hounds
  An iron imp (Abyss:1)
  Ijyb (D:5)
  Natasha (D:4)
  13 orc wizards
  2 hell rats (Lair:2)
  A bullfrog simulacrum (D:7)
  A centaur simulacrum (D:7)
  A hound zombie (D:4)
  2 howler monkey zombies (D:4)
  4 adders
  8 gnolls
  2 shadow imps
  5 white imps
  An ufetubus (Abyss:1)
  2 worms
  4 dart slugs
  79 orcs
  9 ball pythons
  5 bats
  7 endoplasms
  3 giant cockroaches
  6 goblins
  9 hobgoblins
  A jackal (D:1)
  21 kobolds
  A frilled lizard (D:1)
  A quokka zombie (D:4)
  8 rats
  A ball lightning (Depths:3)
1369 creatures vanquished.

Vanquished Creatures (collateral kills)
  Mara (Depths:2)
  2 caustic shrikes
  4 golden dragons
  Jory (Vaults:4)
  A tentacled monstrosity (Vaults:5)
  A titan (Vaults:5)
  A deep elf blademaster (Elf:3)
  A quicksilver dragon (Zot:1)
  A sphinx (Vaults:5)
  An acid blob (Slime:1)
  The ghost of Bupsiose the Cleaver, an adept DrCj of Vehumet (Snake:1)
  2 tengu reavers
  3 shadow dragons
  A draconian monk (Zot:1)
  4 nagarajas (Snake:4)
  A storm dragon (Vaults:5)
  An azure jelly (IceCv)
  2 fire giants
  2 rockslimes (Slime:1)
  A draconian knight (Zot:1)
  A deep elf sorcerer (Elf:1)
  4 vault wardens
  4 deep elf elementalists (Elf:3)
  2 draconian shifters
  9 ironbound preservers
  13 very ugly things
  A war gargoyle (Vaults:5)
  9 stone giants
  An ironbound thunderhulk (Vaults:3)
  2 black draconians
  2 eleionomae
  A bunyip (Swamp:4)
  4 deep elf annihilators
  A lorocyproca (Depths:1)
  A red draconian (Depths:4)
  A yellow draconian (Depths:4)
  8 dire elephants
  2 deep elf death magi
  6 fire dragons
  8 ettins
  An iron golem (Depths:3)
  A crystal guardian (Vaults:2)
  An entropy weaver (Vaults:3)
  3 deep elf high priests
  2 ice dragons
  2 great orbs of eyes
  8 yaktaur captains
  12 vault guards
  A hell beast (Swamp:4)
  3 hydras
  A rakshasa (Depths:2)
  3 peacekeepers
  A spriggan air mage (Depths:1)
  2 ghost crabs
  An anaconda (Snake:2)
  A centaur warrior (Vaults:4)
  A death knight (D:15)
  A boulder beetle (D:12)
  4 ironbound frosthearts
  3 tengu warriors
  5 deep troll earth magi (Depths:1)
  A two-headed ogre (D:10)
  3 alligators
  A naga warrior (Snake:4)
  2 spriggan berserkers
  3 death yaks (Lair:5)
  22 dancing weapons
  2 deep troll shamans
  2 thrashing horrors
  An orc high priest (Orc:2)
  3 deep elf knights
  A soul eater (Depths:2)
  A wretched star (Abyss:1)
  An iron troll (Depths:1)
  A fire crab (Lair:3)
  2 hell knights
  A sixfirhy (Abyss:1)
  A shadow wraith (Vaults:5)
  A flayed ghost (Depths:1)
  10 deep trolls
  A swamp dragon (Swamp:4)
  2 naga ritualists
  A death drake (shapeshifter) (Vaults:5)
  3 glowing orange brains
  A starcursed mass (Abyss:1)
  A lindwurm (Vaults:3)
  An orange crystal statue (IceCv)
  2 wizards
  2 ironbound convokers (Vaults:4)
  Pikel (D:8)
  3 deep elf archers
  11 deep elf pyromancers
  5 deep elf zephyrmancers
  A sphinx zombie (Depths:1)
  5 phantasmal warriors
  3 orc knights
  2 moths of wrath (Zot:1)
  A will-o-the-wisp (Swamp:2)
  8 salamanders
  12 ugly things
  A cyclops (D:13)
  2 orange demons
  5 elephants
  10 black mambas
  A guardian serpent (Snake:4)
  A frost giant skeleton (Vaults:4)
  A cane toad (shapeshifter) (Depths:3)
  6 vault sentinels
  Psyche (D:9)
  A rime drake (Lair:2)
  A spriggan zombie (Depths:1)
  4 yaktaurs
  A kobold demonologist (D:13)
  3 komodo dragons
  5 cane toads
  2 freezing wraiths
  A hellwing (Depths:2)
  2 red devils
  2 trolls
  A tarantella (shapeshifter) (D:15)
  A snapping turtle (shapeshifter) (Depths:3)
  2 polar bears (Lair:2)
  A hornet (shapeshifter) (Depths:3)
  A wind drake (Depths:3)
  6 blink frogs
  5 raiju
  16 slime creatures
  3 hornets (Swamp:3)
  A fire giant simulacrum (Depths:1)
  3 air elementals (Depths:3)
  A spriggan (Depths:2)
  2 shadows
  2 battlemagi
  3 fire elementals
  5 wraiths
  12 yaks
  4 wyverns
  3 water elementals
  A basilisk (shapeshifter) (D:13)
  A steam dragon (Lair:4)
  3 basilisks
  2 vampire mosquitoes
  2 wargs
  An acid dragon (D:13)
  2 nagas (Snake:4)
  A spatial vortex (Orc:2)
  A swamp worm (Swamp:3)
  4 water moccasins
  A great orb of eyes simulacrum (IceCv)
  10 orc warriors
  4 black bears (Lair:2)
  2 ogres (Orc:2)
  A wolf (Lair:5)
  6 bullfrogs
  2 kobold brigands
  A slime creature simulacrum (IceCv)
  A gnoll sergeant (D:10)
  3 scorpions
  8 earth elementals
  3 glowing shapeshifter simulacra (IceCv)
  4 wights
  A small abomination (Abyss:1)
  A hound (D:6)
  4 orc priests
  A hell rat (Lair:2)
  5 orc wizards
  5 gnolls
  2 white imps
  26 orcs
  4 kobolds
529 creatures vanquished.

Vanquished Creatures (others)
  Erica (Lair:1)
  A deep elf knight (Elf:2)
  2 will-o-the-wisps
  A black mamba (Lair:1)
  A troll (D:5)
  A bloated husk (Swamp:1)
  A hornet (Lair:2)
  A yak (Lair:2)
  A wyvern (Lair:1)
  A wraith (D:10)
  A basilisk (Lair:2)
  A fire elemental (Depths:3)
  A naga (Lair:2)
  A spatial vortex (Abyss:1)
  An acid dragon (D:9)
  2 orc warriors
  2 black bears
  A phantom (D:4)
  2 bullfrogs
  A howler monkey (D:8)
  A hound (D:4)
  An orc priest (D:9)
  A gnoll bouda (D:5)
  3 jellies (D:5)
  Natasha (D:4)
  2 orc wizards (D:4)
  2 hell rats (Lair:2)
  5 ancestors
  54 battlemagi
  9 gnolls
  2 adders
  A shadow imp (D:5)
  4 white imps
  2 dart slugs
  2 orcs
  A ball python (D:2)
  4 endoplasms
  A giant cockroach (D:4)
  2 goblins (D:4)
  A hobgoblin (D:3)
  A quokka (D:5)
  2 kobolds
  10 ball lightnings (Depths:3)
  8 foxfires
  92 fungi
  153 plants
389 creatures vanquished.

Grand Total: 2287 creatures vanquished

Notes
Turn   | Place    | Note
-------+----------+-------------------------------------------
     0 | D:1      | Monkooky the Armataur Reaver began the quest for the Orb.
     0 | D:1      | Reached XP level 1. HP: 18/18 MP: 3/3
   211 | D:1      | Found an ancient bone altar of Kikubaaqudgha.
   216 | D:1      | Reached XP level 2. HP: 25/25 MP: 4/4
   454 | D:1      | Learned a level 2 spell: Momentum Strike
   748 | D:1      | Reached XP level 3. HP: 30/31 MP: 5/5
  1036 | D:2      | Reached skill level 1 in Translocations
  1185 | D:2      | Identified the +1 robe of Yredelemnul, Smoking {rElec}
  1295 | D:3      | Noticed Grinder
  1530 | D:3      | Reached XP level 4. HP: 31/38 MP: 2/6
  1850 | D:3      | Noticed a small abomination
  1867 | D:3      | Found a transporter.
  1919 | D:3      | Noticed a kobold brigand
  2315 | D:3      | Found a transporter.
  2324 | D:3      | Noticed KennySheep's ghost (amateur DECj)
  2391 | D:4      | Found a basalt altar of Yredelemnul.
  2421 | D:4      | Reached XP level 5. HP: 33/43 MP: 7/7
  2477 | D:4      | Noticed Sigmund
  2520 | D:4      | HP: 1/37 [something (10)]
  2522 | D:4      | Killed Sigmund
  2523 | D:4      | Reached skill level 5 in Translocations
  2523 | D:4      | Reached XP level 6. HP: 14/48 MP: 0/8
  3277 | D:4      | Found a bloodstained altar of Trog.
  3356 | D:4      | Found a hazy altar of Hepliaklqana.
  3368 | D:4      | Found a shimmering blue altar of Sif Muna.
  3467 | D:4      | Became a worshipper of Hepliaklqana the Forgotten
  3654 | D:4      | Noticed Natasha
  3659 | D:4      | Killed Natasha
  3753 | D:4      | Noticed Natasha
  3758 | D:4      | Killed Natasha
  3947 | D:4      | Found a glowing silver altar of Zin.
  3979 | D:5      | Entered Level 5 of the Dungeon
  4024 | D:5      | HP: 1/43 [gnoll/+0 spear[a gnoll bouda] (4)]
  4542 | D:5      | Found a sparkling altar of Nemelex Xobeh.
  4557 | D:5      | Reached XP level 7. HP: 42/50 MP: 5/9
  4639 | D:5      | Noticed a troll
  4645 | D:5      | Killed a troll
  4830 | D:5      | Reached skill level 1 in Armour
  4978 | D:5      | Reached * piety under Hepliaklqana
  4978 | D:5      | Noticed Ijyb
  4994 | D:5      | Killed Ijyb
  5097 | D:5      | Reached skill level 2 in Armour
  5101 | D:5      | Learned a level 3 spell: Hailstorm
  5407 | D:5      | Reached skill level 1 in Ice Magic
  5645 | D:5      | Found a burning altar of Makhleb.
  5726 | D:6      | Found a stormy altar of Qazlal.
  5837 | D:6      | Found a broken altar of Ashenzari.
  5849 | D:6      | Reached XP level 8. HP: 48/60 MP: 1/10
  5947 | D:6      | Found a radiant altar of Vehumet.
  6682 | D:6      | Found a blossoming altar of Fedhas.
  6714 | D:6      | Found a staircase to the Ecumenical Temple.
  6777 | D:6      | Reached ** piety under Hepliaklqana
  6778 | D:6      | Remembered your ancestor Nebetia as a battlemage
  7067 | D:6      | Upgraded the game from 0.30-a0-210-g01b79a254e to
                  | 0.30-a0-218-gedb9141078
  7272 | D:7      | Found a runed translucent gate.
  7272 | D:7      | Found a runed translucent gate.
  7272 | D:7      | Found a runed translucent gate.
  7321 | D:7      | Noticed valliere's ghost (novice OpTm)
  7357 | D:7      | Reached skill level 3 in Armour
  8073 | D:8      | Found a glowing golden altar of the Shining One.
  8117 | D:8      | Reached skill level 4 in Armour
  8121 | D:8      | Reached XP level 9. HP: 67/68 MP: 2/12
  8125 | D:8      | Reached skill level 5 in Armour
  8292 | D:8      | Noticed Maurice
  8300 | D:8      | Killed Maurice
  8301 | D:8      | Reached skill level 5 in Fighting
  8301 | D:8      | Reached skill level 6 in Armour
  8408 | D:8      | Found a shimmering altar of Xom.
  8544 | D:8      | Reached skill level 1 in Evocations
  8590 | D:8      | Noticed Pikel
  8594 | D:8      | Killed Pikel
  8633 | D:8      | Noticed Joseph
  8641 | D:8      | Killed Joseph
  8642 | D:8      | Reached skill level 5 in Evocations
  8703 | D:8      | Reached *** piety under Hepliaklqana
  8847 | D:8      | Found a staircase to the Lair.
  9215 | D:9      | Reached XP level 10. HP: 78/78 MP: 10/13
  9442 | D:9      | Reached skill level 1 in Invocations
  9511 | D:9      | Noticed Psyche
  9515 | D:9      | Killed Psyche
  9613 | D:9      | Found Zinumewo's Armour Emporium.
  9613 | D:9      | Noticed a two-headed ogre
  9621 | D:9      | Killed a two-headed ogre
  9742 | D:9      | Identified a scroll of acquirement
  9743 | D:9      | Acquired the ring "Neche" {*Slow Str+6 Int+6 SInv}
  9940 | D:9      | Learned a level 5 spell: Fireball
 10124 | D:10     | Entered Level 10 of the Dungeon
 10291 | D:10     | Found Ilamoz's Weapon Shoppe.
 10391 | D:10     | Noticed a two-headed ogre
 10397 | D:10     | Killed a two-headed ogre
 10398 | D:10     | Reached skill level 5 in Conjurations
 10398 | D:10     | Reached skill level 1 in Fire Magic
 10496 | D:10     | Noticed Sonja
 10508 | D:10     | Killed Sonja
 10656 | D:10     | Found an iron altar of Okawaru.
 10887 | D:10     | Found a white marble altar of Elyvilon.
 11180 | D:10     | Noticed Josephine
 11340 | D:10     | Killed Josephine
 11488 | D:11     | Noticed an orc knight
 11490 | D:11     | Noticed a cyclops
 11492 | D:11     | Killed an orc knight
 11493 | D:11     | Reached skill level 5 in Fire Magic
 11493 | D:11     | Reached XP level 11. HP: 50/83 MP: 0/14
 11729 | Lair:1   | Entered Level 1 of the Lair of Beasts
 11762 | Lair:1   | Reached **** piety under Hepliaklqana
 11886 | Lair:1   | Noticed Erica
 12160 | Lair:1   | Killed Erica
 13506 | Lair:2   | Reached skill level 5 in Spellcasting
 13801 | Lair:2   | Noticed an oklob plant
 13805 | Lair:2   | Noticed an oklob plant
 14126 | Lair:2   | Learned a level 6 spell: Starburst
 14371 | Lair:2   | Found a staircase to the Snake Pit.
 14792 | Lair:2   | Found a transporter.
 14823 | Lair:2   | Noticed an eight-headed hydra
 14829 | Lair:2   | Found a transporter.
 14922 | Lair:2   | Noticed rageheart7's ghost (journeyman GnHu)
 15230 | Lair:3   | Reached XP level 12. HP: 87/91 MP: 12/21
 15595 | Lair:3   | Found a staircase to the Swamp.
 15640 | Lair:3   | Acquired the +6 lightning scales {swift, rElec}
 15640 | Lair:3   | Found the +6 lightning scales {swift, rElec}
 15802 | Lair:3   | Learned a level 4 spell: Sticky Flame
 15806 | Lair:3   | Learned a level 3 spell: Ignite Poison
 15852 | Lair:3   | Reached ***** piety under Hepliaklqana
 16387 | Lair:4   | Noticed a six-headed hydra
 16393 | Lair:4   | Killed a six-headed hydra
 16577 | Lair:4   | Reached skill level 10 in Conjurations
 16650 | Lair:4   | Found a sacrificial altar of Ru.
 16695 | Lair:4   | Noticed a four-headed hydra
 16700 | Lair:4   | Killed a four-headed hydra
 16733 | Lair:4   | Reached XP level 13. HP: 78/97 MP: 3/22
 16835 | Lair:4   | You fall into a shaft and drop 1 floor!
 16835 | Lair:5   | Entered Level 5 of the Lair of Beasts
 17239 | Lair:5   | Reached skill level 10 in Fire Magic
 18402 | Lair:5   | Found a viscous altar of Jiyva.
 18402 | Lair:5   | Found a staircase to the Slime Pits.
 18971 | Lair:5   | Reached XP level 14. HP: 103/103 MP: 14/26
 20072 | D:12     | Reached skill level 7 in Armour
 20072 | D:12     | Found a staircase to the Orcish Mines.
 20482 | D:12     | Reached skill level 8 in Armour
 20910 | Orc:1    | Entered Level 1 of the Orcish Mines
 21073 | Orc:1    | Reached skill level 9 in Armour
 21269 | Orc:1    | Reached ****** piety under Hepliaklqana
 21678 | Orc:2    | Entered Level 2 of the Orcish Mines
 21689 | Orc:2    | Reached skill level 10 in Armour
 21718 | Orc:2    | Noticed Erolcha
 21719 | Abyss:1  | Cast into level 1 of the Abyss (Erolcha)
 21842 | Abyss:1  | Noticed a starcursed mass
 21885 | Abyss:1  | Reached skill level 11 in Armour
 21986 | Abyss:1  | Noticed a tentacled starspawn
 22024 | Abyss:1  | Noticed an angel
 22054 | Abyss:1  | Killed an angel
 22115 | Abyss:1  | Reached skill level 12 in Armour
 22155 | Abyss:1  | Noticed a tentacled starspawn
 22160 | Orc:2    | Escaped the Abyss
 22311 | Orc:2    | Killed Erolcha
 22393 | Orc:2    | Found a staircase to the Elven Halls.
 23506 | Orc:2    | Reached XP level 15. HP: 109/109 MP: 15/27
 23694 | Orc:2    | Found Vaeq's General Store.
 23694 | Orc:2    | Found Morufev's Distillery.
 23695 | Orc:2    | Found Oschupne's Armour Boutique.
 23695 | Orc:2    | Found Puiliakh's Distillery.
 23702 | Orc:2    | Bought a scroll of immolation for 64 gold pieces
 23705 | Orc:2    | Bought a potion of degeneration for 14 gold pieces
 23707 | Orc:2    | Bought a potion of might for 52 gold pieces
 23707 | Orc:2    | Bought a potion of heal wounds for 65 gold pieces
 23707 | Orc:2    | Bought a potion of ambrosia for 104 gold pieces
 23707 | Orc:2    | Bought a potion of curing for 39 gold pieces
 23726 | Orc:2    | Bought a potion of heal wounds for 70 gold pieces
 23726 | Orc:2    | Bought a potion of brilliance for 56 gold pieces
 23939 | D:7      | Killed valliere's ghost
 23960 | D:7      | Got the ring "Izyafidgh" {Fire rCorr}
 24119 | D:3      | Killed KennySheep's ghost
 24134 | D:3      | Found a one-way gate to the infinite horrors of the Abyss.
 24183 | D:3      | Learned a level 2 spell: Blink
 24449 | Lair:2   | Killed rageheart7's ghost
 24478 | Lair:2   | Learned a level 4 spell: Passage of Golubria
 24785 | Orc:2    | Bought the +0 ring mail of Parghula {Harm *Corrode rC++
                  | Will+} for 399 gold pieces
 24785 | Orc:2    | Bought a +0 cloak of poison resistance for 119 gold pieces
 25092 | Swamp:1  | Entered Level 1 of the Swamp
 25269 | Swamp:1  | You fall into a shaft and drop 1 floor!
 25347 | Swamp:2  | Reached skill level 5 in Invocations
 26411 | Swamp:3  | Noticed Mlioglotl
 26455 | Swamp:3  | Killed Mlioglotl
 26464 | Swamp:3  | Paralysed by a hornet for 1 turns
 27148 | Swamp:4  | Entered Level 4 of the Swamp
 27911 | Swamp:4  | Reached XP level 16. HP: 115/115 MP: 16/28
 28437 | Swamp:4  | Paralysed by a great orb of eyes for 3 turns
 28651 | Swamp:4  | Got a decaying rune of Zot
 28872 | Snake:1  | Entered Level 1 of the Snake Pit
 29082 | Snake:1  | Found Nooritta's Weapon Shop.
 29148 | Snake:1  | Found a blossoming altar of Fedhas.
 29297 | Snake:1  | Found a runed translucent gate.
 29299 | Snake:1  | Found a runed translucent gate.
 29299 | Snake:1  | Found a runed translucent gate.
 29308 | Snake:1  | Noticed Bupsiose's ghost (adept DrCj)
 29324 | Snake:1  | Killed Bupsiose's ghost
 29475 | Snake:1  | Reached skill level 13 in Armour
 29977 | Elf:1    | Entered Level 1 of the Elven Halls
 30081 | Elf:1    | Found a radiant altar of Vehumet.
 30103 | Elf:1    | Noticed a Brimstone Fiend
 30190 | Elf:1    | Reached skill level 14 in Armour
 30457 | Elf:1    | Found Kebosof's Assorted Antiques.
 30476 | Elf:1    | Bought a scroll of acquirement for 1092 gold pieces
 30476 | Elf:1    | Bought a scroll of blinking for 157 gold pieces
 30484 | Elf:1    | Noticed Asterion
 30491 | Elf:1    | Killed Asterion
 30876 | Elf:1    | Reached skill level 5 in Maces & Flails
 31679 | Elf:1    | Noticed a deep elf blademaster
 31679 | Elf:1    | Noticed a deep elf blademaster
 31680 | Elf:1    | Noticed a deep elf blademaster
 31685 | Elf:1    | Killed a deep elf blademaster
 31685 | Elf:1    | Killed a deep elf blademaster
 31692 | Elf:1    | Killed a deep elf blademaster
 31749 | Elf:1    | Found the +12 pair of quick blades "Gyre" and "Gimble"
                  | {protect}
 32023 | Snake:1  | Reached XP level 17. HP: 81/122 MP: 12/30
 32342 | Snake:2  | Reached skill level 1 in Shields
 32952 | Snake:2  | Found Ofiwk's Jewellery Boutique.
 32953 | Snake:2  | Found Qonufux's Book Shoppe.
 32953 | Snake:2  | Found Qymiss's Book Shoppe.
 33099 | Snake:2  | Noticed Aizul
 33122 | Snake:2  | Killed Aizul
 33123 | Snake:2  | Reached skill level 5 in Shields
 34268 | Snake:3  | Found a transporter.
 34271 | Snake:3  | Noticed Cifurakhle's ghost (adept MiBe)
 34272 | Snake:3  | Found a transporter.
 34282 | Snake:3  | Learned a level 4 spell: Manifold Assault
 34310 | Snake:3  | Reached skill level 10 in Maces & Flails
 35774 | Snake:4  | Entered Level 4 of the Snake Pit
 37397 | Snake:4  | Reached XP level 18. HP: 130/130 MP: 16/31
 37573 | Snake:4  | Got a serpentine rune of Zot
 38003 | Snake:4  | Reached skill level 10 in Shields
 38875 | D:13     | Found a gate to the Vaults.
 39114 | D:13     | Found a faded altar of an unknown god.
 40375 | D:15     | Entered Level 15 of the Dungeon
 40688 | D:15     | Reached skill level 15 in Armour
 41148 | D:15     | Found a staircase to the Depths.
 41534 | Vaults:1 | Entered Level 1 of the Vaults
 41622 | Vaults:1 | Found Gahuat's Jewellery Boutique.
 41659 | Vaults:1 | Bought the amulet of the Four Winds {rN+ Will+++ Clar} for
                  | 910 gold pieces
 41659 | Vaults:1 | Found the amulet of the Four Winds {rN+ Will+++ Clar}
 41695 | Vaults:1 | Found Seituh's General Store.
 41702 | Vaults:1 | Bought a scroll of enchant armour for 127 gold pieces
 41702 | Vaults:1 | Bought a potion of heal wounds for 85 gold pieces
 42096 | Vaults:1 | Found Fizuy's Jewellery Shoppe.
 42104 | Vaults:1 | Found Bodaaraa's General Store.
 43511 | Vaults:2 | Reached XP level 19. HP: 102/146 MP: 6/32
 44206 | Elf:2    | Reached skill level 16 in Armour
 44401 | Elf:2    | Found a frozen archway.
 44496 | IceCv    | Entered an ice cave
 45198 | IceCv    | Reached skill level 10 in Fighting
 45371 | IceCv    | Found a viscous altar of Jiyva.
 45470 | IceCv    | Identified the amulet of Cizo {Reflect Harm SH+5}
 45482 | IceCv    | Got the ring "Nibom" {Contam rC+ rN+ Str+2}
 45753 | IceCv    | Identified the +6 ice dragon scales of Teihe Hizo {+Inv rF-
                  | rC++ Str+6 Int+2 Dex+3}
 46432 | Elf:2    | Found a runed translucent gate.
 46432 | Elf:2    | Found a runed translucent gate.
 46432 | Elf:2    | Found a runed translucent gate.
 46460 | Elf:2    | Paralysed by an air elemental for 1 turns
 47305 | Elf:3    | Entered Level 3 of the Elven Halls
 47340 | Elf:3    | Found Suyjoji's General Store.
 47340 | Elf:3    | Found Nukethri's Distillery.
 47342 | Elf:3    | Found Otaexoh's Book Boutique.
 47346 | Elf:3    | Found Fuarow's Antique Armour Shop.
 47400 | Elf:1    | Acquired 782 gold pieces
 47753 | Snake:4  | Acquired 1163 gold pieces
 48116 | Elf:3    | Bought a manual of Armour for 960 gold pieces
 48125 | Elf:3    | Bought a potion of heal wounds for 70 gold pieces
 48125 | Elf:3    | Bought a potion of heal wounds for 70 gold pieces
 48125 | Elf:3    | Bought 2 potions of heal wounds for 140 gold pieces
 48141 | Elf:3    | Paralysed by an air elemental for 1 turns
 48226 | Elf:3    | Noticed Saint Roka
 48246 | Elf:3    | Killed Saint Roka
 48247 | Elf:3    | Reached skill level 17 in Armour
 48674 | Elf:3    | Reached skill level 18 in Armour
 49236 | Elf:3    | Reached skill level 19 in Armour
 49746 | Elf:3    | Reached skill level 20 in Armour
 49983 | Elf:3    | Identified the +2 quarterstaff of Onie {holy, Int+5 SInv
                  | Stlth+}
 50004 | Elf:3    | Reached skill level 21 in Armour
 50169 | Elf:3    | Reached XP level 20. HP: 117/157 MP: 28/33
 50541 | Elf:3    | Got Lish's Excursus on Guile
 50555 | Elf:3    | Got Ebloa's Incunable of the Flock and Pollution
 50557 | Elf:3    | Identified the +5 ring mail "Ifeops" {Slay+2}
 50560 | Elf:3    | Got Gloorx Vloq's Volume of Death and the Spider
 50566 | Elf:3    | Identified the +8 trident "Xiugoetzi" {vorpal, rPois rC-
                  | Int+3}
 51122 | Slime:1  | Entered Level 1 of the Pits of Slime
 51271 | Slime:1  | Gained mutation: You are dopey. (Int -2) [a shining eye]
 51272 | Slime:1  | Gained mutation: You sometimes lose your temper in combat.
                  | [a shining eye]
 51275 | Slime:1  | Reached skill level 22 in Armour
 51833 | Vaults:2 | Reached skill level 1 in Air Magic
 51857 | Vaults:2 | Found Jeohei's Distillery.
 51867 | Vaults:2 | Bought 2 potions of ambrosia for 336 gold pieces
 52537 | Vaults:2 | Reached skill level 1 in Earth Magic
 53004 | Vaults:2 | Upgraded the game from 0.30-a0-218-gedb9141078 to
                  | 0.30-a0-219-gf2db51d15e
 53204 | Vaults:2 | Reached skill level 10 in Spellcasting
 53204 | Vaults:2 | Reached skill level 5 in Earth Magic
 54324 | Vaults:2 | Learned a level 6 spell: Iron Shot
 55451 | Vaults:3 | Found a staircase to the Crypt.
 55835 | Vaults:3 | Identified the +1 robe of Neleul {Will++}
 55970 | Vaults:3 | Reached XP level 21. HP: 143/163 MP: 28/35
 56331 | Vaults:3 | You fall into a shaft and drop 1 floor!
 56331 | Vaults:4 | Noticed Jory
 56338 | Vaults:4 | Killed Jory
 56339 | Vaults:4 | Reached skill level 10 in Earth Magic
 56464 | Vaults:4 | Noticed Boris
 56477 | Vaults:4 | Killed Boris
 56764 | Vaults:4 | Found a flickering gateway to a bazaar.
 56782 | Bazaar   | Entered a bazaar
 56840 | Bazaar   | Found Hos Jaco's Magic Scroll Emporium.
 56842 | Bazaar   | Found Ukikozut's Antique Weapon Shoppe.
 56847 | Bazaar   | Found Zyetet's Jewellery Shop.
 56857 | Bazaar   | Found Hiufy's Magic Scroll Emporium.
 56885 | Bazaar   | Bought a scroll of immolation for 52 gold pieces
 56885 | Bazaar   | Bought a scroll of summoning for 123 gold pieces
 56903 | Bazaar   | Bought a scroll of teleportation for 24 gold pieces
 56903 | Bazaar   | Bought a scroll of teleportation for 24 gold pieces
 56903 | Bazaar   | Bought a scroll of teleportation for 24 gold pieces
 56903 | Bazaar   | Bought a scroll of teleportation for 24 gold pieces
 56920 | Bazaar   | Bought a scroll of enchant armour for 97 gold pieces
 58960 | Vaults:5 | Entered Level 5 of the Vaults
 58960 | Vaults:5 | Noticed a dread lich
 58977 | Vaults:5 | Reached skill level 15 in Shields
 59029 | Vaults:5 | Noticed a golden dragon
 59035 | Vaults:5 | Killed a golden dragon
 59121 | Vaults:5 | Reached skill level 10 in Evocations
 59148 | Vaults:5 | Killed a dread lich
 59317 | Vaults:5 | Noticed an ancient lich
 59324 | Vaults:5 | Killed an ancient lich
 59498 | Vaults:5 | Reached XP level 22. HP: 161/173 MP: 15/36
 59601 | Vaults:5 | Noticed an ancient lich
 59605 | Vaults:5 | Killed an ancient lich
 59739 | Vaults:5 | Found the -2 hat of the Alchemist {rElec rPois rF+ rC+ rN+
                  | Will+ rMut rCorr}
 59909 | Vaults:5 | Identified the +7 plate armour of the Gloaming {Slay+3}
 59969 | Vaults:5 | Noticed a dread lich
 59983 | Vaults:5 | Killed a dread lich
 60022 | Vaults:5 | Noticed a dread lich
 60022 | Vaults:5 | Noticed a golden dragon
 60295 | Vaults:5 | Got the Secrets of the Brume
 60637 | Vaults:5 | Killed a golden dragon
 61008 | Vaults:5 | Identified the +1 scale mail of the Freezing Gods {rElec
                  | rPois MP+9 Dex+7}
 61394 | Vaults:5 | Identified the +4 fire dragon scales of the Devil {rF++ rC-
                  | Stlth+}
 61812 | Vaults:5 | Got a silver rune of Zot
 61832 | Vaults:5 | Got the Compilation of Vile Bolts
 61845 | Vaults:5 | Noticed a golden dragon
 61849 | Vaults:5 | Killed a golden dragon
 61981 | Vaults:5 | Killed a dread lich
 63319 | Orc:2    | Bought a +1 pair of gloves of dexterity for 231 gold pieces
 64156 | Depths:1 | Entered Level 1 of the Depths
 64522 | Depths:1 | Found a gateway to Hell.
 64539 | Depths:1 | Identified the ring "Rostrycw" {Will+ rCorr Int+2}
 64799 | Depths:1 | Reached skill level 5 in Dodging
 64799 | Depths:1 | Reached XP level 23. HP: 189/189 MP: 18/37
 65088 | Depths:1 | Found a one-way gate leading to the halls of Pandemonium.
 65382 | Depths:1 | Found a one-way gateway to a ziggurat.
 65879 | Depths:1 | Learned a level 2 spell: Passwall
 66326 | Depths:2 | Noticed a caustic shrike
 66331 | Depths:2 | Killed a caustic shrike
 67078 | Depths:2 | Noticed Vv
 67079 | Depths:2 | Found a transporter.
 67099 | Depths:2 | Killed Vv
 67107 | Depths:2 | Identified the ring of Disaster {rF++ rCorr Str-3 Dex+6
                  | Slay+2}
 67536 | Depths:2 | Found a transporter.
 67721 | Depths:2 | Found a transporter.
 67725 | Depths:2 | Found a transporter.
 67891 | Depths:2 | Found a transporter.
 67893 | Depths:2 | Noticed Mara
 67897 | Depths:2 | Found a transporter.
 67900 | Depths:2 | Noticed Monkooky's illusion
 68125 | Depths:2 | Noticed Monkooky's illusion
 68648 | Depths:2 | Noticed Monkooky's illusion
 68654 | Depths:2 | Killed Mara
 69150 | Depths:2 | You fall into a shaft and drop 1 floor!
 69155 | Depths:3 | Paralysed by an air elemental for 1 turns
 69175 | Depths:3 | Paralysed by an air elemental for 1 turns
 69585 | Depths:3 | Noticed Margery
 69704 | Depths:2 | Reached skill level 15 in Fire Magic
 70047 | Depths:3 | Paralysed by an air elemental for 1 turns
 70940 | Depths:3 | Killed Margery
 71192 | Depths:3 | Identified the +7 scimitar of Hutuhego {vamp, Will+ Int+2}
 71263 | Depths:3 | Paralysed by an air elemental for 1 turns
 71705 | Depths:3 | Identified the ring "Xizux" {Fire Will+}
 71849 | Depths:3 | Identified the ring "Enarreepp" {rC+ Will- rCorr Int+8
                  | Slay-5}
 71854 | Depths:3 | Got the Octavo of Cankerous Gloom
 72029 | Depths:4 | Entered Level 4 of the Depths
 72029 | Depths:4 | Found Riashug's Book Shoppe.
 72303 | Depths:3 | Reached XP level 24. HP: 143/196 MP: 23/40
 72587 | Depths:4 | Learned a level 8 spell: Ignition
 73773 | Depths:4 | Found a gate to the Realm of Zot.
 74202 | Zot:1    | Entered Level 1 of the Realm of Zot
 75044 | Orc:2    | Bought a scarf of resistance for 448 gold pieces
 75309 | Zot:1    | Slain by a golden dragon

Illustrated notes

Levels and vault maps discovered:
D:1:      onia_arrival_mini_maze_b, layout_loops_ring, minmay_hexomino_r4
D:2:      layout_basic
D:3:      layout_basic, gammafunk_ghost_abyssal_escape, uniq_grinder
D:4:      cheibrodos_barr_body, layout_cave_pods, mainiacjoe_overflow_brackets,
          zin_scriptorium, nicolae_yredelemnul_corpse_copse, minitemple,
          uniq_sigmund, uniq_natasha
D:5:      layout_loops_ring, nemelex_xobeh_ov_fountains_minmay,
          makhleb_heckhound_becter, minmay_starry_boxes, uniq_ijyb
D:6:      layout_layer_cave, mainiacjoe_overflow_small_starburst,
          nicolae_vehumet_radiance, mainiacjoe_overflow_catch_the_wave,
          minmay_temple_entry_offerings,
          hangedman_abyss_or_decor_jellyfish_corner, dreamdust_princess_corridor
D:7:      layout_loops_ring, gammafunk_ghost_icy
D:8:      layout_basic, kennysheep_mini, marbit_many_paths,
          due_lair_maze_entry_diamond, uniq_joseph, uniq_pikel, uniq_maurice
D:9:      layout_basic, serial_shops, shop, uniq_psyche
D:10:     layout_long_grid, elyvilon_altar_3,
          mainiacjoe_overflow_concentric_impassable, serial_shops,
          nicolae_lakefront_shop, uniq_josephine, uniq_sonja
D:11:     layout_roguey
D:12:     layout_roguey, david_orc_5
D:13:     layout_irregular_city, lightli_vaults_fourway_checkpoint,
          serial_column_ruins, column_ruins_courtyard_long,
          column_ruins_temple_circle, column_ruins_open_tiny,
          column_ruins_grid_1, column_ruins_grid_1,
          column_ruins_open_small_water, column_ruins_open_large
D:14:     layout_gridville, minivault_23
D:15:     grunt_enter_depths_hoard, layout_loops_corners,
          minmay_misc_feat_enclosed
Lair:1:   layout_cave_shapes, uniq_erica
Lair:2:   beast_lair_carwin_large_4, layout_regular_city,
          minmay_snake_entry_guardpost_small, gammafunk_ghost_berserking_beasts
Lair:3:   layout_cellular_growth, minmay_swamp_entry_eels, st_stairs_3,
          kennysheep_catoblepas_arena
Lair:4:   layout_misc_corridors, lemuel_oklob_altar, infiniplex_staircase_pool_2
Lair:5:   evilmike_catoblepas_cave, layout_hall_layers,
          dpeg_slime_entry_enclosed, chequers_serial_rivers_micro_b,
          patterned_corridor
Swamp:1:  layout_basic_swamp, nicolae_swamp_round_clearing
Swamp:2:  layout_basic_swamp, evilmike_swamp_ruin_rubble_1, swamp_pool1
Swamp:3:  layout_basic_swamp, nicolae_swamp_small_spring, uniq_mlioglotl
Swamp:4:  swamp_vile, layout_basic_swamp, swamp_pool3,
          nicolae_swamp_well_well_well, infiniplex_staircase_pool
Snake:1:  layout_grid_maze, basic_altar, ebering_ghost_rock_garden,
          serial_shops, shop, serial_bayou_shore_b
Snake:2:  layout_grid_maze, minmay_shop_grove, uniq_aizul
Snake:3:  layout_onion_interference, gammafunk_ghost_arena
Snake:4:  grunt_snake_rune_spirals, layout_onion_interference, special_room,
          grunt_ministairs_11
Slime:1:  layout_caves
Orc:1:    layout_diamond_mine, bh_open_orc_temple
Orc:2:    st_orc_pillars, layout_diamond_mine, basic_altar, uniq_erolcha
Elf:1:    eino_elf_arrival_altar, layout_geoelf_diagonals, serial_shops,
          shop_coins, hangedman_elf_disciples,
          hellmonk_guarded_unrand_gyre_and_gimble, grunt_megastairs_2,
          uniq_asterion
Elf:2:    elven_hall_of_blades_hangedman_original [nicolae_blade_bullseye],
          layout_gridlike, portal_ice_cave_entry_ice_statue_one,
          grunt_ministairs_1, st_stairs_7, nicolae_elf_free_trip_to_the_abyss,
          grunt_megastairs_5
Elf:3:    minmay_elf_hall_hex, layout_gridlike, minivault_26, minmay_shoptagon,
          uniq_saint_roka
Vaults:1: ontoclasm_vaults_claustrophobia, ontoclasm_vaults_bender,
          nicolae_vaults_big_angled_halls, ontoclasm_vaults_pinch,
          vaults_room_glass_cross, nicolae_vaults_shelves_hall,
          vaults_room_grunt_arrival_checkpoint, nicolae_vaults_shelves_hall,
          nicolae_vaults_what_the_h, hangedman_vaults_impose,
          nicolae_vaults_asterisk, layout_vaults_omnigrid, serial_shops, shop,
          nicolae_square_shop, nicolae_shop_crystal, shop
Vaults:2: vaults_mumra_minichess_inversion, vaults_dpeg_ring,
          dpeg_vaults_monster_row, v_misc_33, v_misc_28, grunt_vaults_twisty,
          nicolae_vaults_bisected_slash, vaults_room_guarded_vault,
          vaults_mumra_minichess, vaults_mumra_lcd, ontoclasm_vaults_shuriken,
          layout_vaults_big_room, serial_shops, shop_fountains
Vaults:3: v_misc_3, hangedman_vaults_hat, hangedman_vaults_variations,
          nicolae_vaults_rhombus_7, nicolae_vaults_windows_and_doors_thing,
          v_misc_28, minmay_crypt_entry_skeletal_spiral, v_rooms_5,
          st_smaller_cells, layout_vaults_omnibox
Vaults:4: vaults_room_door_hall, nicolae_vaults_ring_of_whatevers,
          nicolae_vaults_asterisk, v_misc_10, v_pattern_2, vaults_room_grid,
          v_misc_17, ontoclasm_vaults_ligature, v_misc_3,
          vaults_standard_mumra_enter_the_diamond,
          nicolae_vaults_mini_display_case, nicolae_vaults_back_hallway,
          layout_vaults_maze_snakey, serial_shops, bzr_entry_lakeside,
          uniq_boris, uniq_jory
Vaults:5: serial_shops
Depths:1: minmay_tri_box, layout_cave_shapes, enter_ziggurat_f, hell_entry,
          abyss_entry, rand_demon_pan_entry_4, hangedman_decor_riveting,
          minmay_fractal_squares_diagonal_5
Depths:2: minmay_quantized_circle, layout_gridlike, chequers_big_river,
          grunt_pan_entry_zigzag, pf_hell_entry_great_geh, hex_tiny,
          serial_nicolae_subway, nicolae_sub_station_crystal,
          nicolae_sub_station_metal, nicolae_sub_station_stone, uniq_vv,
          uniq_mara
Depths:3: radiant_caverns_a_rkd, hell_entry, abyss_entry, uniq_margery
Depths:4: grunt_twist_and_shout, layout_long_grid, grunt_hell_entry_dis_grunt,
          serial_shops, nicolae_shop_temple_entry_statues_fountains,
          serial_bayou_shore_a
Zot:1:    lemuel_acid_trip, layout_concentric_octagons, zot_minivault_3
Zot:2:    layout_misc_corridors, grunt_ministairs_10

Skill      XL: |  1  2  3  4  5  6  7  8  9 10 11 12 13 14 15 16 17 18 19 20 21 22 23 24 |
---------------+-------------------------------------------------------------------------+-----
Conjurations   | 3 4 6 7 10 12 13 14 | 14.4
Translocations | 2 3 5 6 7 8 |  8.0
Fighting       | 2 4 5 6 9 10 11 14 | 14.0
Armour         | 2 4 6 12 14 15 21 22 | 22.2
Ice Magic      | 2 4 |  4.1
Spellcasting   | 2 6 8 9 10 13 | 13.5
Evocations     | 6 7 10 | 10.0
Invocations    | 3 9 |  9.5
Fire Magic     | 5 6 9 11 13 15 16 | 16.7
Maces & Flails | 9 13 | 13.4
Shields        | 9 13 14 15 17 | 17.5
Air Magic      | 2 |  2.8
Earth Magic    | 9 12 | 12.0
Dodging        | 5 8 |  8.0

Action                   |  1- 3 |  4- 6 |  7- 9 | 10-12 | 13-15 | 16-18 | 19-21 | 22-24 || total
-------------------------+-------+-------+-------+-------+-------+-------+-------+-------++-------
Melee: Mace              |   118 |   154 |   145 |    63 |       |       |       |       ||   480
       Tailslap          |    15 |    17 |    24 |    14 |    30 |    37 |   126 |   159 ||   422
       Punch             |       |     2 |     1 |     2 |     2 |     1 |       |       ||     8
       Staff             |       |       |       |    36 |   152 |   146 |   434 |   465 ||  1233
       Demon whip        |       |       |       |       |       |    62 |   122 |   150 ||   334
 Cast: Momentum Strike   |     7 |    47 |    61 |    55 |     3 |     4 |     2 |       ||   179
       Kiss of Death     |       |     4 |     3 |       |       |       |       |       ||     7
       Hailstorm         |       |       |    18 |    19 |       |     4 |     1 |       ||    42
       Fireball          |       |       |       |    68 |    94 |   105 |    72 |    47 ||   386
       Sticky Flame      |       |       |       |     7 |    39 |    36 |    67 |    98 ||   247
       Starburst         |       |       |       |     1 |   169 |   244 |   197 |   159 ||   770
       Ignite Poison     |       |       |       |       |     1 |     1 |       |       ||     2
       Passage of Golubr |       |       |       |       |     1 |     1 |       |       ||     2
       Blink             |       |       |       |       |       |     2 |       |       ||     2
       Iron Shot         |       |       |       |       |       |       |    13 |    75 ||    88
Invok: Ancestor Life: Ba |       |       |     1 |       |       |       |       |       ||     1
       Recall Ancestor   |       |       |       |     2 |    10 |    20 |    14 |    10 ||    56
       Transference      |       |       |       |     2 |       |     2 |       |       ||     4
       Idealise          |       |       |       |       |       |     1 |     5 |     7 ||    13
Evoke: Wand              |       |       |    11 |    19 |     2 |     3 |     8 |    12 ||    55
       Condenser vane    |       |       |       |       |       |       |     2 |     4 ||     6
       Phantom mirror    |       |       |       |       |       |       |       |     3 ||     3
       Box of beasts     |       |       |       |       |       |       |       |     2 ||     2
  Use: Potion            |       |     2 |       |     3 |     1 |     4 |     9 |    11 ||    30
       Scroll            |       |     6 |     2 |    15 |     8 |    12 |     9 |    20 ||    72
 Stab: Distracted        |       |       |       |     1 |     4 |     4 |     9 |    15 ||    33
Armor: Leather armour    |    30 |       |     4 |   104 |   170 |       |       |       ||   308
       Ring mail         |    31 |   158 |     3 |       |    34 |    15 |       |       ||   241
       Troll leather arm |       |       |    83 |       |       |       |       |       ||    83
       Chain mail        |       |       |       |       |       |   229 |    70 |       ||   299
       Ice dragon scales |       |       |       |       |       |       |   309 |   517 ||   826
Dodge: Dodged            |    49 |    77 |    74 |    80 |    95 |    66 |    80 |   172 ||   693
Block: Other             |       |       |       |     3 |       |       |       |       ||     3
       Reflection        |       |       |       |     1 |       |       |       |       ||     1
       Buckler           |       |       |       |       |       |    46 |       |       ||    46
       Kite shield       |       |       |       |       |       |    74 |   331 |   558 ||   963

Table legend: (Time is in decaauts)
 A = Elapsed time spent in this place.
 B = Non-inter-level travel time spent in this place.
 C = Inter-level travel time spent in this place.
 D = Time resting spent in this place.
 E = Time spent auto-exploring this place.
 F = Levels seen in this place.
 G = Mean time per level.
                   A        B        C        D        E       F      G
               +--------+--------+--------+--------+--------+-----+--------+
         Total |  73089 |  66118 |   6971 |  18337 |  36694 |  48 | 1522.7 |
       Dungeon |  18749 |  16245 |   2504 |   2037 |  11793 |  15 | 1249.9 |
          Lair |   8273 |   7214 |   1059 |   2436 |   3719 |   5 | 1654.6 |
         Swamp |   3946 |   3682 |    264 |    726 |   2430 |   4 |  986.5 |
     Snake Pit |   7177 |   6418 |    759 |   2618 |   2788 |   4 | 1794.2 |
    Slime Pits |     23 |     23 |      0 |      0 |      0 |   1 |   23.0 |
  Orcish Mines |   2881 |   2185 |    696 |    585 |   1152 |   2 | 1440.5 |
   Elven Halls |   6242 |   5813 |    429 |   2042 |   2704 |   3 | 2080.7 |
        Vaults |  13873 |  12862 |   1011 |   4332 |   6125 |   5 | 2774.6 |
        Depths |   9616 |   9372 |    244 |   2814 |   5176 |   4 | 2404.0 |
           Zot |    300 |    298 |      2 |    132 |      0 |   2 |  150.0 |
         Abyss |    433 |    433 |      0 |    115 |      0 |   1 |  433.0 |
        Bazaar |    146 |    146 |      0 |      0 |     72 |   1 |  146.0 |
      Ice Cave |   1425 |   1425 |      0 |    496 |    730 |   1 | 1425.0 |
               +--------+--------+--------+--------+--------+-----+--------+

Top non-repeatable levels by time:
Vaults:5: 4071 daAuts
Depths:2: 3380 daAuts
Vaults:3: 2847 daAuts
Vaults:2: 2762 daAuts
   Elf:3: 2680 daAuts
Vaults:1: 2547 daAuts
Depths:3: 2462 daAuts
  Lair:1: 2144 daAuts
 Snake:4: 1996 daAuts
 Snake:1: 1940 daAuts
     D:4: 1924 daAuts
Depths:4: 1924 daAuts
  Lair:5: 1888 daAuts
 Snake:2: 1863 daAuts
Depths:1: 1849 daAuts
